 Dungeon Crawl Stone Soup version 0.28-a0-863-g8cecda6153 (webtiles) character file.

Game seed: 10554534998059769014

204991 senseless the Tortoise (level 18, -1/179 HPs)
             Began as a Minotaur Fighter on Nov 16, 2021.
             Was the Champion of the Shining One.
             Slain by a four-headed hydra (15 damage)
             ... called by a spriggan druid
             ... on level 4 of the Swamp on Nov 17, 2021.
             The game lasted 01:52:40 (40109 turns).

senseless the Tortoise (Minotaur Fighter)          Turns: 40109, Time: 01:52:40

Health: -1/179     AC: 37    Str: 37    XL:     18   Next: 2%
Magic:  17/17      EV: 19    Int:  5    God:    the Shining One [******]
Gold:   2750       SH: 12    Dex: 16    Spells: 17/17 levels left

rFire   + . .      SeeInvis .   F - +7 whip "Undertaker" {vorpal, rF+}
rCold   + . .      Faith    .   W - +1 buckler {rC+}
rNeg    + + +      Spirit   .   z - +3 plate armour of the Stone Wall {Dex+5}
rPois   .          Reflect  +   (helmet restricted)
rElec   .          Harm     .   y - +1 cloak
rCorr   .          Rampage  .   Z - +2 pair of gloves {Str+3}
Will    +....                   J - +2 pair of boots
Stlth   ..........              B - amulet of reflection
HPRegen 0.39/turn               h - +6 ring of strength
MPRegen 0.15/turn               n - +4 ring of protection

@: glowing, studying Slings
A: horns 2, retaliatory headbutt
}: 1/15 runes: serpentine
a: Renounce Religion, Divine Shield, Cleansing Flame, Summon Divine Warrior,
Brand Weapon With Holy Wrath


You were on level 4 of the Swamp.
You worshipped the Shining One.
The Shining One was exalted by your worship.
You visited 5 branches of the dungeon, and saw 30 of its levels.
You visited the Abyss 2 times.
You also visited: Sewer, Gauntlet and Ice Cave.

You collected 3686 gold pieces.
You spent 936 gold pieces at shops.

Inventory:

Hand Weapons
 a - a +7 spectral war axe
 b - the +9 glaive of Akikad {vorpal, Int+6}
   (You bought it in a shop on level 5 of the Dungeon)

   It inflicts extra damage upon your enemies.
   Int:       It affects your intelligence (+6).
 u - the +8 battleaxe of Rekak Uqe {speed, Fly}
   (You found it on level 2 of the Swamp)

   Attacks with this weapon are significantly faster.
   Fly:       It grants you flight.
 F - the +7 whip "Undertaker" (weapon) {vorpal, rF+}
   (You found it on level 9 of the Dungeon)

   It inflicts extra damage upon your enemies.
   rF:        It protects you from fire.
Armour
 y - a +1 cloak (worn)
 z - the +3 plate armour of the Stone Wall (worn) {Dex+5}
   (You took it off an orc on level 8 of the Dungeon)

   Dex:       It affects your dexterity (+5).
 J - a +2 pair of boots (worn)
 W - a +1 buckler of cold resistance (worn)
 Z - a +2 pair of gloves of strength (worn)
Jewellery
 h - a +6 ring of strength (left hand)
 n - a +4 ring of protection (right hand)
 o - a ring of willpower
 p - a +6 ring of strength
 q - a ring of poison resistance
 w - a ring of ice
 B - an amulet of reflection (around neck)
 G - a ring of willpower
 M - a +6 ring of dexterity
 P - a +4 ring of evasion
 Q - an amulet of regeneration
 R - the ring of the Leaf {Contam rC+ rN+ Stlth+}
   (You found it in an ice cave)

   [ring of protection from cold]

   rC:        It protects you from cold.
   rN:        It protects you from negative energy.
   Contam:    It causes magical contamination when unequipped.
   Stlth:     It makes you more stealthy.
Wands
 c - a wand of digging (6)
 s - a wand of charming (9)
 C - a wand of polymorph (18)
 E - a wand of mindburst (24)
 I - a wand of paralysis (11)
 K - a wand of flame (72) (quivered)
 L - a wand of acid (7)
Scrolls
 e - 5 scrolls of amnesia
 g - 3 scrolls of holy word
 i - 4 scrolls of magic mapping
 j - 25 scrolls of identify
 k - 5 scrolls of fog
 m - 2 scrolls of brand weapon
 r - 6 scrolls of fear
 H - 2 scrolls of summoning
 N - 3 scrolls of blinking
 O - 3 scrolls of silence
 V - 6 scrolls of teleportation
Potions
 d - 2 potions of mutation
 f - 13 potions of curing
 l - 3 potions of flight
 t - 4 potions of magic
 v - 4 potions of brilliance
 x - 3 potions of lignification
 A - 5 potions of might
 S - 2 potions of haste
 U - 9 potions of ambrosia
 X - a potion of resistance
 Y - a potion of cancellation


   Skills:
 + Level 20.3 Fighting
 + Level 8.3(14.6) Axes
 - Level 18.7(19.3) Polearms
 + Level 20.3 Armour
 + Level 19.4 Dodging
 - Level 5.6 Shields


You had 17 spell levels left.
You didn't know any spells.
Your spell library contained the following spells:

 Spells                   Type           Power      Damage    Failure   Level
 Animate Skeleton         Necr           0%         N/A       86%         1
 Magic Dart               Conj           0%         1d3       86%         1
 Pain                     Necr           0%         1d4       86%         1
 Sandblast                Erth           0%         2d4       86%         1
 Ensorcelled Hibernation  Hex/Ice        0%         N/A       94%         2
 Passwall                 Tmut/Erth      0%         N/A       94%         2
 Searing Ray              Conj           0%         2d4       94%         2
 Dazzling Flash           Conj/Hex       0%         N/A       99%         3
 Gell's Gravitas          Tloc           0%         N/A       99%         3
 Ozocubu's Armour         Ice            0%         N/A       99%         3
 Portal Projectile        Hex/Tloc       0%         N/A       99%         3
 Spider Form              Tmut/Pois      0%         N/A       99%         3
 Stone Arrow              Conj/Erth      0%         3d7       99%         3
 Summon Guardian Golem    Hex/Summ       0%         N/A       99%         3
 Teleport Other           Tloc           0%         N/A       99%         3
 Tukima's Dance           Hex            0%         N/A       99%         3
 Vampiric Draining        Necr           0%         2d6       99%         3
 Fulminant Prism          Conj/Hex       0%         3d6       100%        4
 Iskenderun's Mystic Bla  Conj/Tloc      0%         2d3       100%        4
 Passage of Golubria      Tloc           0%         N/A       100%        4
 Agony                    Necr           0%         N/A       100%        5
 Blade Hands              Tmut           0%         N/A       100%        5
 Excruciating Wounds      Necr           0%         N/A       100%        5
 Metabolic Englaciation   Hex/Ice        0%         N/A       100%        5
 Summon Forest            Summ/Tloc      0%         N/A       100%        5
 Summon Mana Viper        Hex/Summ       0%         N/A       100%        5
 Yara's Violent Unravell  Hex/Tmut       0%         3d3       100%        5
 Dispersal                Tloc           0%         N/A       100%        6
 Simulacrum               Ice/Necr       0%         N/A       100%        6
 Starburst                Conj/Fire      0%         6d3       100%        6
 Summon Cactus Giant      Summ           0%         N/A       100%        6
 Orb of Destruction       Conj           0%         N/A       100%        7
 Spellforged Servitor     Conj/Summ      0%         N/A       100%        7


Dungeon Overview and Level Annotations

Branches:
Dungeon (14/15)            Temple (0/1) D:6            Lair (6/6) D:11
  Swamp (4/4) Lair:2        Snake (4/4) Lair:3        Slime (0/5) Lair:5
    Orc (2/2) D:11            Elf (0/3) Orc:2        Vaults (0/5) D:14
  Sewer (visited)           IceCv (visited)         Gauntlet (visited)

Altars:
Ashenzari
Cheibriados
Dithmenos
Fedhas
Gozag
Hepliaklqana
Kikubaaqudgha
Ru
Sif Muna
Uskayaw
Vehumet
Xom
Zin
The Shining One
Jiyva

Shops:
D:3 [   D:5 (   D:9 (   Orc:2 [:!(=   Snake:2 =(=?**

Portals:
Abyss: Lair:5


Innate Abilities, Weirdness & Mutations

You have a pair of horns on your head.
You reflexively headbutt those who attack you in melee.


Message History

The hornet dies!
The spriggan falls from its now dead mount.
The swamp drake barely misses you.
You thrash the seven-headed hydra!!
The seven-headed hydra is almost dead.
You feel sick.
The seven-headed hydra no longer looks unusually strong.
The swamp drake completely misses you.
The four-headed hydra bites you but does no damage.
The four-headed hydra bites you!
* * * LOW HITPOINT WARNING * * *
The four-headed hydra closely misses you.
The four-headed hydra misses you. The seven-headed hydra bites you!
* * * LOW HITPOINT WARNING * * *
The seven-headed hydra bites you but does no damage. x2
The seven-headed hydra misses you.
The seven-headed hydra completely misses you. x2
The seven-headed hydra closely misses you.
The swamp drake bites you but does no damage.
You feel much better.
You feel less confused.
You feel sick.
You are no longer poisoned.
The spriggan is engulfed in noxious fumes.
The spriggan appears confused.
The swamp drake misses you. You furiously retaliate!
You headbutt the swamp drake!! The seven-headed hydra bites you!
* * * LOW HITPOINT WARNING * * *
The seven-headed hydra bites you but does no damage.
The seven-headed hydra bites you.
* * * LOW HITPOINT WARNING * * *
The seven-headed hydra completely misses you.
The seven-headed hydra bites you but does no damage.
You block the seven-headed hydra's attack.
The seven-headed hydra completely misses you.
You block the four-headed hydra's attack.
The four-headed hydra bites you!
* * * LOW HITPOINT WARNING * * *
The four-headed hydra bites you!
You die...

≈≈§§≈≈≈§. ..≈≈§§≈§≈
♣♣♣≈≈≈≈≈≈≈≈ ♣§♣§≈≈≈≈≈≈≈
♣≈≈.≈≈≈≈≈.. ♣♣.≈?≈≈≈≈♣
♣..kD..♣♣ ♣.°D@.°≈♣♣
♣♣i°k°°°≈≈♣ ♣♣♣..°≈°♣°≈≈♣ .≈
≈≈ ♣♣♣♣..♣♣♣♣♣♣...♣♣ ♣♣.♣♣≈♣
♣≈..≈°♣♣♣♣♣ ♣≈..♣♣♣≈≈≈≈.
♣♣.≈≈☼.♣○≈.♣♣♣≈..≈≈≈≈≈.≈♣
♣≈?i°§°○≈≈≈.♣♣.≈..≈≈≈≈≈≈♣♣♣♣
♣.D.i○.≈°≈§≈D≈≈≈≈≈≈≈≈≈≈≈≈.♣♣
≈..♣.≈≈≈.≈§≈.♣§.≈≈.≈≈≈≈≈≈≈≈..


You could see a seven-headed hydra, a four-headed hydra (strong), 2 swamp drakes
and a spriggan (confused).

Vanquished Creatures
  Vashnia (Snake:3)
  Rupert (Orc:2)
  An Ice Fiend (IceCv)
  Agnes (Snake:1)
  Frances (D:12)
  Kirke (Lair:6)
  6 nagarajas
  Aizul (Snake:1)
  The ghost of NigelTetley the Grappler, a journeyman TrFi of Zin (Lair:5)
  3 ghouls (Swamp:3)
  Louise (Snake:1)
  A very ugly thing (IceCv)
  The ghost of Adot Bir the Severer, a journeyman DDGl of Makhleb (Lair:4)
  3 bunyips (Swamp:1)
  Azrael (Orc:2)
  A minotaur (Gauntlet)
  3 eleionomae
  A fire dragon (D:14)
  An ice dragon (Swamp:1)
  A shambling mangrove (Swamp:2)
  4 salamander tyrants
  4 vault guards (D:14)
  14 hydras
  2 catoblepae
  10 naga warriors
  3 boulder beetles (Lair:6)
  3 centaur warriors
  Harold (Lair:1)
  A ghost crab (Swamp:4)
  A boulder beetle (shapeshifter) (Lair:5)
  7 caustic shrike simulacra (IceCv)
  11 anacondas
  9 two-headed ogres
  A deep troll shaman (Lair:6)
  10 alligators
  A death scarab (Gauntlet)
  3 death yaks (Lair:6)
  5 shock serpents
  Sonja (D:11)
  5 orc high priests (Orc:2)
  A thrashing horror (Lair:5)
  15 naga sharpshooters
  A fire crab (Gauntlet)
  A wretched star (Lair:5)
  2 sea snakes (Snake:2)
  A death drake (Swamp:3)
  3 goliath frogs
  2 salamander mystics
  5 bog bodies
  3 naga ritualists (Snake:3)
  4 spriggan druids
  2 obsidian statues (IceCv)
  2 swamp dragons
  2 lindwurms
  6 deep elf pyromancers
  9 orc knights
  A wizard (D:10)
  3 orc sorcerers
  4 deep elf zephyrmancers (D:11)
  5 mana vipers
  A salamander (shapeshifter) (D:14)
  A worldbinder (Gauntlet)
  5 cyclopes
  9 ugly things
  A will-o-the-wisp (Swamp:1)
  12 slime creatures
  Joseph (D:9)
  5 elephants
  Maurice (Orc:1)
  12 salamanders
  31 black mambas
  3 guardian serpents
  18 naga magi
  13 cane toads
  3 torpor snails
  A gargoyle (D:12)
  The ghost of t4s4d4r the Cleaver, a novice FoFi of Okawaru (D:6)
  Psyche (D:8)
  Maggie (D:10)
  A tengu conjurer (D:13)
  An ice devil (Lair:5)
  An unseen horror (D:10)
  An unseen horror (shapeshifter) (D:10)
  6 freezing wraiths
  A hellwing (Lair:5)
  5 rime drakes
  8 komodo dragons
  A golden dragon simulacrum (IceCv)
  A meliai (D:10)
  5 polar bears
  4 trolls
  2 bloated husks
  A queen bee (Lair:1)
  5 hornets
  12 blink frogs
  25 dream sheep
  4 tyrant leeches
  A centaur simulacrum (D:14)
  A spectral black mamba (Gauntlet)
  A shadow (D:10)
  A vampire (D:11)
  4 spriggans
  3 wyverns
  A water elemental (D:11)
  2 hogs (Lair:6)
  2 fire bats (Gauntlet)
  4 basilisks
  2 steam dragons
  26 yaks
  Grum (D:10)
  3 fire elementals (Orc:2)
  A death yak simulacrum (Lair:4)
  13 vampire mosquitoes
  A minotaur simulacrum (IceCv)
  44 nagas
  Menkaure (D:6)
  4 wargs
  A harpy simulacrum (IceCv)
  4 swamp worms
  2 hydra simulacra
  An acid dragon (D:14)
  4 hell hounds (Orc:2)
  17 water moccasins
  4 swamp drakes
  39 orc warriors
  A sky beast (D:7)
  4 ice beasts
  3 black bears
  2 black mamba simulacra (Lair:4)
  3 boggarts (Gauntlet)
  2 ettin simulacra (IceCv)
  4 ogres
  A necrophage (D:8)
  8 wolves
  12 centaurs
  A phantom (D:5)
  5 kobold brigands
  12 bullfrogs
  2 gnoll sergeants
  2 deep troll simulacra (IceCv)
  3 scorpions
  A blink frog simulacrum (Lair:4)
  A lindwurm simulacrum (IceCv)
  31 killer bees
  9 howler monkeys
  A rime drake simulacrum (Lair:4)
  7 centaur zombies
  A bullfrog zombie (D:6)
  2 centaur skeletons
  26 orc priests
  4 hounds
  2 jellies
  2 iguanas
  Ijyb (D:4)
  11 orc wizards
  A howler monkey zombie (D:9)
  8 gnolls
  4 adders
  4 river rats
  A shadow imp (D:7)
  A white imp (D:6)
  3 ufetubi
  A worm (D:3)
  4 dart slugs
  63 orcs
  11 bats
  9 endoplasms
  2 giant cockroaches (D:1)
  11 goblins
  10 hobgoblins
  14 jackals
  25 kobolds
  A quokka (D:2)
  7 ball pythons
  4 frilled lizards
  7 rats
946 creatures vanquished.

Vanquished Creatures (collateral kills)
  A vampire mosquito (D:14)
1 creature vanquished.

Vanquished Creatures (others)
  A deep elf pyromancer (D:11)
  A bloated husk (Swamp:3)
  A hornet (Swamp:4)
  A human (Lair:6)
  A kobold (D:9)
  A bush (Lair:6)
  4 foxfires (Swamp:1)
  37 fungi
  51 plants
98 creatures vanquished.

Grand Total: 1045 creatures vanquished

Notes
Turn   | Place    | Note
-------+----------+-------------------------------------------
     0 | D:1      | senseless the Minotaur Fighter began the quest for the Orb.
     0 | D:1      | Reached XP level 1. HP: 19/19 MP: 0/0
    29 | D:1      | Reached XP level 2. HP: 27/27 MP: 1/1
   284 | D:1      | Reached XP level 3. HP: 28/33 MP: 2/2
   982 | D:2      | Reached XP level 4. HP: 41/41 MP: 3/3
  1562 | D:2      | Found a faded altar of an unknown god.
  1562 | D:2      | Noticed an orange demon
  1571 | D:2      | Prayed at the altar of an unknown god.
  1571 | D:2      | Became a worshipper of the Shining One
  1571 | D:2      | Reached * piety under the Shining One
  1599 | D:3      | Found Wuum's Antique Armour Boutique.
  1629 | D:3      | Found a glowing drain.
  1725 | Sewer    | Entered a sewer
  1813 | Sewer    | Noticed a kobold brigand
  1819 | Sewer    | Reached XP level 5. HP: 47/47 MP: 4/4
  1827 | Sewer    | Reached skill level 5 in Fighting
  1827 | Sewer    | Reached skill level 5 in Armour
  1953 | Sewer    | Found a glowing silver altar of Zin.
  2545 | D:3      | Found a radiant altar of Vehumet.
  2545 | D:3      | Found a hide-covered altar of Uskayaw.
  3080 | D:4      | Reached XP level 6. HP: 56/56 MP: 5/5
  3248 | D:4      | Reached skill level 5 in Axes
  3331 | D:4      | Noticed Ijyb
  3337 | D:4      | HP: 2/57 [Ijyb/bolt of acid (26)]
  3339 | D:4      | Killed Ijyb
  3887 | D:4      | Identified a scroll of acquirement
  3887 | D:4      | Acquired 1130 gold pieces
  3977 | D:3      | Bought a transparent chain mail for 190 gold pieces
  3977 | D:3      | Identified the +7 chain mail "Bure" {-Cast +Inv Dex+2} (You
                  | bought it in a shop on level 3 of the Dungeon)
  3977 | D:3      | Bought a pair of gloves for 90 gold pieces
  4077 | D:5      | Entered Level 5 of the Dungeon
  4128 | D:5      | Noticed a water moccasin
  4134 | D:5      | Killed a water moccasin
  4135 | D:5      | Reached XP level 7. HP: 60/63 MP: 6/6
  4392 | D:5      | Reached skill level 5 in Shields
  4427 | D:5      | Reached ** piety under the Shining One
  4445 | D:5      | Found Gutaabbinof's Antique Weapon Shoppe.
  4450 | D:5      | Bought an ancient glaive for 276 gold pieces
  4450 | D:5      | Identified the +9 glaive of Akikad {vorpal, Int+6} (You
                  | bought it in a shop on level 5 of the Dungeon)
  4466 | D:5      | Found a sacrificial altar of Ru.
  4565 | D:5      | Reached XP level 8. HP: 73/73 MP: 7/7
  4603 | D:5      | Reached skill level 1 in Polearms
  4911 | D:6      | Found a staircase to the Ecumenical Temple.
  4913 | D:6      | You fall into a shaft and drop 2 floors!
  4978 | D:6      | Found a blossoming altar of Fedhas.
  5073 | D:6      | Found a runed translucent door.
  5073 | D:6      | Noticed t4s4d4r's ghost (novice FoFi)
  5091 | D:6      | Noticed Menkaure
  5095 | D:6      | Killed Menkaure
  5266 | D:6      | Found a snail-covered altar of Cheibriados.
  5266 | D:6      | Found an ancient bone altar of Kikubaaqudgha.
  5417 | D:6      | Killed t4s4d4r's ghost
  5418 | D:6      | Reached XP level 9. HP: 82/82 MP: 4/8
  5487 | D:7      | Reached skill level 5 in Polearms
  5609 | D:7      | Found a broken altar of Ashenzari.
  5942 | D:7      | Found a hazy altar of Hepliaklqana.
  5959 | D:7      | Found a glowing silver altar of Zin.
  6255 | D:8      | Reached *** piety under the Shining One
  6296 | D:8      | Noticed Psyche
  6302 | D:8      | Killed Psyche
  6652 | D:8      | Identified the +3 plate armour of the Stone Wall {Dex+5}
  6912 | D:8      | Acquired an amulet of reflection
  6973 | D:9      | Found a shadowy altar of Dithmenos.
  6984 | D:9      | Reached skill level 1 in Dodging
  7029 | D:9      | Reached skill level 10 in Fighting
  7029 | D:9      | Reached skill level 10 in Armour
  7393 | D:9      | Found an opulent altar of Gozag.
  7394 | D:9      | Found an opulent altar of Gozag.
  7398 | D:9      | Found an opulent altar of Gozag.
  7510 | D:9      | Found an opulent altar of Gozag.
  7550 | D:9      | Noticed Joseph
  7556 | D:9      | Killed Joseph
  7557 | D:9      | Reached XP level 10. HP: 36/94 MP: 9/9
  7791 | D:9      | Found Millytat's Weapon Shop.
  7884 | D:9      | Identified the +7 whip "Undertaker" {vorpal, rF+}
  7979 | D:9      | Found a glowing golden altar of the Shining One.
  8170 | D:10     | Entered Level 10 of the Dungeon
  8170 | D:10     | Noticed Maggie
  8175 | D:10     | Killed Maggie
  8506 | D:10     | Found a shimmering altar of Xom.
  8506 | D:10     | Found a shimmering altar of Xom.
  8543 | D:10     | You fall into a shaft and drop 1 floor!
  8543 | D:11     | Noticed a deep elf zephyrmancer
  8543 | D:11     | Noticed a deep elf pyromancer
  8543 | D:11     | Noticed a deep elf pyromancer
  8543 | D:11     | Noticed a deep elf zephyrmancer
  8543 | D:11     | Noticed a deep elf pyromancer
  8544 | D:11     | Noticed a deep elf zephyrmancer
  8545 | D:11     | Noticed a deep elf zephyrmancer
  8546 | D:11     | Noticed a deep elf pyromancer
  8547 | D:11     | Killed a deep elf pyromancer
  8549 | D:11     | Killed a deep elf zephyrmancer
  8550 | D:11     | Reached skill level 5 in Dodging
  8556 | D:11     | Killed a deep elf pyromancer
  8560 | D:11     | Noticed a two-headed ogre
  8570 | D:11     | Killed a two-headed ogre
  8706 | D:11     | Killed a deep elf pyromancer
  8707 | D:11     | Reached XP level 11. HP: 60/102 MP: 10/10
  8775 | D:11     | Killed a deep elf zephyrmancer
  8863 | D:11     | Found a staircase to the Orcish Mines.
  8893 | D:11     | Found a staircase to the Lair.
  8900 | D:11     | Killed a deep elf pyromancer
  8905 | D:11     | Killed a deep elf zephyrmancer
  9144 | D:11     | Noticed a five-headed hydra
  9154 | D:11     | Killed a five-headed hydra
  9336 | D:11     | Killed a deep elf zephyrmancer
  9337 | D:11     | Reached skill level 10 in Polearms
  9356 | D:11     | Noticed a two-headed ogre
  9357 | D:11     | Noticed Sonja
  9364 | D:11     | Killed a two-headed ogre
  9375 | D:11     | Killed Sonja
  9656 | D:10     | Noticed Grum
  9662 | D:10     | Killed Grum
  9663 | D:10     | Noticed a two-headed ogre
  9665 | D:10     | Noticed a two-headed ogre
  9672 | D:10     | Killed a two-headed ogre
  9677 | D:10     | Killed a two-headed ogre
 10288 | D:10     | Noticed a six-headed hydra
 10294 | D:10     | Killed an eight-headed hydra
 10311 | D:10     | Reached XP level 12. HP: 57/113 MP: 11/11
 10923 | D:12     | Noticed Frances
 10933 | D:12     | Killed Frances
 10933 | D:12     | Reached **** piety under the Shining One
 11110 | D:12     | Noticed a two-headed ogre
 11114 | D:12     | Killed a two-headed ogre
 11457 | D:13     | Noticed a two-headed ogre
 11470 | D:13     | Killed a two-headed ogre
 11912 | D:13     | Noticed a two-headed ogre
 11916 | D:13     | Killed a two-headed ogre
 11990 | D:13     | Noticed a two-headed ogre
 11996 | D:13     | Killed a two-headed ogre
 12096 | D:13     | Noticed a centaur warrior
 12107 | D:13     | Killed a centaur warrior
 12464 | D:13     | Noticed a two-headed ogre
 12467 | D:13     | Killed a two-headed ogre
 12515 | D:14     | Noticed a centaur warrior
 12528 | D:14     | Noticed a catoblepas
 12529 | D:14     | Reached XP level 13. HP: 103/124 MP: 12/12
 12778 | D:14     | Reached skill level 10 in Dodging
 13479 | D:14     | Noticed a fire dragon
 13487 | D:14     | Killed a fire dragon
 13584 | D:14     | Reached skill level 15 in Armour
 13589 | D:14     | Reached skill level 15 in Fighting
 13654 | D:14     | Reached ***** piety under the Shining One
 14034 | D:14     | Found a gate to the Vaults.
 14933 | D:14     | Found a blossoming altar of Fedhas.
 15139 | Orc:1    | Entered Level 1 of the Orcish Mines
 15159 | Orc:1    | Noticed Maurice
 15160 | Orc:1    | Paralysed by Maurice for 6 turns
 15171 | Orc:1    | Killed Maurice
 15353 | Orc:2    | Entered Level 2 of the Orcish Mines
 15353 | Orc:2    | Found Xitak's Armour Emporium.
 15901 | Orc:2    | Reached XP level 14. HP: 119/135 MP: 13/13
 16120 | Orc:2    | Noticed Azrael
 16135 | Orc:2    | Killed Azrael
 16391 | Orc:2    | Found a staircase to the Elven Halls.
 17332 | Orc:2    | Noticed Rupert
 17357 | Orc:2    | Paralysed by Rupert for 6 turns
 17364 | Orc:2    | Killed Rupert
 17927 | Orc:2    | Found Pytouk's Distillery.
 17927 | Orc:2    | Found Baitaesh's Book Boutique.
 17928 | Orc:2    | Found Conwa's Jewellery Boutique.
 17928 | Orc:2    | Found Boduyro's Weapon Shop.
 18463 | Orc:1    | Paralysed by an orc sorcerer for 3 turns
 18881 | Lair:1   | Entered Level 1 of the Lair of Beasts
 19136 | Lair:1   | You fall into a shaft and drop 1 floor!
 19214 | Lair:2   | Reached ****** piety under the Shining One
 19423 | Lair:2   | Found a staircase to the Swamp.
 19530 | Lair:2   | Reached skill level 15 in Polearms
 20485 | Lair:1   | Noticed Harold
 20494 | Lair:1   | Killed Harold
 21236 | Lair:3   | Found a staircase to the Snake Pit.
 21683 | Lair:4   | Found a runed translucent gate.
 21684 | Lair:4   | Found a runed translucent gate.
 21685 | Lair:4   | Found a runed translucent gate.
 21697 | Lair:4   | Found a gate leading to a gauntlet.
 21706 | Gauntlet | Entered a Gauntlet
 21706 | Gauntlet | Found a transporter.
 21706 | Gauntlet | Found a transporter.
 21722 | Gauntlet | Found a transporter.
 21726 | Gauntlet | Found a transporter.
 21736 | Gauntlet | Found a transporter.
 21757 | Gauntlet | Found a transporter.
 21766 | Gauntlet | Found a transporter.
 21773 | Gauntlet | Found a transporter.
 21815 | Gauntlet | Found a transporter.
 21832 | Gauntlet | Found a transporter.
 21840 | Gauntlet | Found a transporter.
 21860 | Gauntlet | Found a transporter.
 22105 | Gauntlet | Reached XP level 15. HP: 139/146 MP: 14/14
 22160 | Gauntlet | Identified the +8 flail of Pewuehuetz {pain, Str+3}
 22795 | Lair:4   | Noticed Adot Bir's ghost (journeyman DDGl)
 23186 | Lair:4   | Killed Adot Bir's ghost
 23345 | Lair:5   | Found a transporter.
 23346 | Lair:5   | Found a one-way gate to the infinite horrors of the Abyss.
 23364 | Lair:5   | Found a transporter.
 23781 | Lair:5   | Found a viscous altar of Jiyva.
 23781 | Lair:5   | Found a staircase to the Slime Pits.
 24172 | Lair:5   | Noticed NigelTetley's ghost (journeyman TrFi)
 24178 | Lair:5   | Cast into level 2 of the Abyss (spriggan rider)
 24186 | Lair:5   | Escaped the Abyss
 24191 | Lair:5   | Killed NigelTetley's ghost
 24687 | Lair:6   | Entered Level 6 of the Lair of Beasts
 24943 | Lair:6   | Noticed Kirke
 24946 | Lair:6   | Killed Kirke
 25645 | Lair:6   | Identified the +1 great mace "Xeat" {venom, Drain rElec
                  | rC++ SInv}
 26778 | Orc:2    | Bought a ring of poison resistance for 260 gold pieces
 26964 | Snake:1  | Entered Level 1 of the Snake Pit
 26977 | Snake:1  | Noticed Aizul
 26987 | Snake:1  | Killed Aizul
 27175 | Snake:1  | Noticed Louise
 27180 | Snake:1  | Cast into level 2 of the Abyss (Louise)
 27215 | Snake:1  | Escaped the Abyss
 27227 | Snake:1  | Killed Louise
 27370 | Snake:1  | Reached skill level 15 in Dodging
 27476 | Snake:1  | Reached XP level 16. HP: 157/157 MP: 15/15
 27685 | Snake:1  | Noticed Agnes
 27698 | Snake:1  | Killed Agnes
 28744 | Snake:2  | Found Amiaquod's Jewellery Boutique.
 28982 | Snake:2  | Found Leudal's Antique Weapon Shop.
 29371 | Snake:2  | Found Jicul's Magic Scroll Shoppe.
 29371 | Snake:2  | Found Xonam's General Store.
 29372 | Snake:2  | Found Ifexes's General Store.
 29372 | Snake:2  | Found Fylahix's Jewellery Shop.
 29383 | Snake:2  | Bought a scroll of enchant armour for 120 gold pieces
 30249 | Snake:3  | Noticed Vashnia
 33328 | Snake:3  | Killed Vashnia
 34327 | Snake:4  | Entered Level 4 of the Snake Pit
 34641 | Snake:4  | Reached XP level 17. HP: 136/168 MP: 16/16
 35745 | Snake:4  | Got a serpentine rune of Zot
 36465 | Swamp:1  | Entered Level 1 of the Swamp
 36828 | Swamp:1  | Found a frozen archway.
 36839 | IceCv    | Entered an ice cave
 37535 | IceCv    | Noticed an Ice Fiend
 37540 | IceCv    | Killed an Ice Fiend
 37543 | IceCv    | Identified the ring of the Leaf {Contam rC+ rN+ Stlth+}
 38474 | Swamp:2  | Identified the +8 scimitar "Butewib" {speed, rC+ Will+
                  | Dex+2}
 38490 | Swamp:2  | Identified the +1 scale mail of the Untouchables {+Blink
                  | rCorr Str+5 Dex+2}
 38622 | Swamp:2  | Identified the +8 battleaxe of Rekak Uqe {speed, Fly}
 39353 | Swamp:3  | Found a shimmering blue altar of Sif Muna.
 39989 | Swamp:4  | Entered Level 4 of the Swamp
 40078 | Swamp:4  | Reached XP level 18. HP: 172/178 MP: 17/17
 40109 | Swamp:4  | Slain by a four-headed hydra

Illustrated notes

Levels and vault maps discovered:
D:1:      dpeg_arrival_arbitrary_c, layout_basic, minmay_small_reverse_x
D:2:      layout_loops_ring, dreamdust_ecumenical_altar_sealed_demon
D:3:      layout_loops_corners, gammafunk_temple_overflow_wave,
          cheibrodos_sewer_entry_sluice, serial_shops, nicolae_shop_crystal,
          minmay_fountain_box, hangedman_glass_teeth
D:4:      layout_basic, minmay_manual_moon, uniq_ijyb
D:5:      layout_loops_cross, nicolae_overflow_crystal_walls, serial_shops, shop
D:6:      layout_rooms, mainiacjoe_overflow_alcove_4,
          mainiacjoe_overflow_divided_tiny, minmay_temple_entry_stoned_glass,
          hellmonk_ghost_happy_afterlife, uniq_menkaure
D:7:      layout_loops_ring, general_overflow_altar,
          ashenzari_conservatory_becter, zin_treasury
D:8:      layout_gridville, uniq_psyche
D:9:      layout_roguey, nicolae_gozag_conspicuous_consumption,
          nicolae_dithmenos_through_a_glass_darkly,
          nicolae_tso_carved_into_rock, serial_shops,
          nicolae_shop_bloodbath_and_beyond, minmay_misc_feat_tower, uniq_joseph
D:10:     layout_cross, xom_redecorated, minmay_shattered_shrine, uniq_maggie,
          uniq_grum
D:11:     layout_loops_ring, lair_entry_dummy, orc_0_dummy,
          elves_outpost_lemuel, uniq_sonja
D:12:     layout_basic, uniq_frances
D:13:     layout_basic
D:14:     layout_gridville, lightli_vaults_fourway_checkpoint,
          hangedman_abyss_or_decor_jellyfish_corner, fedhas_altar_3
Lair:1:   layout_cave_pods, special_room [special_room_bee], uniq_harold
Lair:2:   layout_misc_corridors, minmay_swamp_entry_swarm, beast_lair_carwin_7
Lair:3:   layout_misc_corridors, guppyfry_snake_entry_island
Lair:4:   layout_hall_layers, gammafunk_ghost_icy, gauntlet_entry_generic,
          grunt_megastairs_3
Lair:5:   layout_big_grid, dpeg_slime_entry_enclosed_altar,
          gammafunk_ghost_abyssal_escape
Lair:6:   grunt_lair_end_beastmaster, layout_misc_corridors, grunt_megastairs_5,
          serial_bayou_shore_b, uniq_kirke
Swamp:1:  layout_falls_marsh, portal_ice_cave_entry_dragon, serial_swamp_ruin,
          hangedman_swamp_ruin_wall, evilmike_swamp_ruin_house_2, swamp_pool5,
          nicolae_swamp_orc_logging_accident
Swamp:2:  layout_falls_marsh, evilmike_swamp_ruin_house_5
Swamp:3:  layout_basic_swamp, nicolae_swamp_dense_foliage, swamp_pool1,
          lemuel_altar_in_water
Swamp:4:  swamp_old_school, layout_basic_swamp
Snake:1:  layout_honeycomb, drop_trap, uniq_aizul, uniq_agnes, uniq_louise
Snake:2:  layout_rooms, serial_shops, nicolae_stop_n_shop_2,
          nicolae_wooded_promenade
Snake:3:  layout_gridlike, uniq_vashnia
Snake:4:  minmay_snake_end_coiled, layout_cave_town, st_stairs_7
Orc:1:    layout_diamond_mine, uniq_maurice
Orc:2:    st_orc_pillars, layout_caves, serial_shops,
          nicolae_shop_hallway_stairs, uniq_rupert, uniq_azrael

Skill      XL: |  1  2  3  4  5  6  7  8  9 10 11 12 13 14 15 16 17 |
---------------+----------------------------------------------------+-----
Armour         | 4 5 6 7 8 10 11 12 14 15 16 18 19 20 | 20.3
Shields        | 4 5 |  5.6
Fighting       | 4 5 6 7 8 10 11 12 14 15 16 18 19 20 | 20.3
Axes           | 3 4 5 6 8 |  8.3
Polearms       | 4 7 9 10 12 14 15 16 18 | 18.7
Dodging        | 2 5 7 9 11 13 15 17 19 | 19.4

Action                   |  1- 3 |  4- 6 |  7- 9 | 10-12 | 13-15 | 16-18 || total
-------------------------+-------+-------+-------+-------+-------+-------++-------
Melee: War axe           |    80 |   126 |    45 |       |       |   168 ||   419
       Headbutt          |    11 |    17 |    25 |    58 |   204 |   135 ||   450
       Glaive            |       |       |    95 |   226 |   911 |   513 ||  1745
       Whip              |       |       |       |    19 |    42 |    42 ||   103
Invok: Divine Shield     |       |       |     1 |     1 |     1 |       ||     3
Evoke: Wand              |       |       |       |       |     5 |    45 ||    50
  Use: Scroll            |       |     9 |     7 |     8 |     8 |     8 ||    40
       Potion            |       |     2 |     1 |     1 |     2 |     6 ||    12
Armor: Scale mail        |    35 |    51 |       |       |       |       ||    86
       Chain mail        |       |    10 |    92 |       |       |       ||   102
       Plate armour      |       |       |    17 |   143 |   477 |   397 ||  1034
Dodge: Dodged            |    56 |    48 |    61 |   136 |   506 |   451 ||  1258
Block: Buckler           |    27 |    25 |       |       |       |    73 ||   125
       Kite shield       |       |     9 |    20 |       |       |       ||    29
       Other             |       |       |     5 |    74 |   199 |    88 ||   366
       Reflection        |       |       |     3 |     4 |     4 |    27 ||    38

Table legend: (Time is in decaauts)
 A = Elapsed time spent in this place.
 B = Non-inter-level travel time spent in this place.
 C = Inter-level travel time spent in this place.
 D = Time resting spent in this place.
 E = Time spent auto-exploring this place.
 F = Levels seen in this place.
 G = Mean time per level.
                   A        B        C        D        E       F      G
               +--------+--------+--------+--------+--------+-----+--------+
         Total |  40299 |  38198 |   2101 |   5970 |  26508 |  35 | 1151.4 |
       Dungeon |  15124 |  14339 |    785 |   1038 |  11073 |  14 | 1080.3 |
          Lair |   7687 |   7153 |    534 |    551 |   5702 |   6 | 1281.2 |
         Swamp |   2651 |   2603 |     48 |     18 |   2182 |   4 |  662.8 |
     Snake Pit |   9357 |   9007 |    350 |   3956 |   3977 |   4 | 2339.2 |
  Orcish Mines |   3890 |   3507 |    383 |    299 |   2552 |   2 | 1945.0 |
         Abyss |     42 |     42 |      0 |      0 |     27 |   2 |   21.0 |
         Sewer |    314 |    314 |      0 |    104 |    148 |   1 |  314.0 |
      Ice Cave |    757 |    757 |      0 |      0 |    621 |   1 |  757.0 |
      Gauntlet |    473 |    473 |      0 |      3 |    226 |   1 |  473.0 |
               +--------+--------+--------+--------+--------+-----+--------+

Top non-repeatable levels by time:
 Snake:2: 4755 daAuts
   Orc:2: 2828 daAuts
    D:14: 2071 daAuts
  Lair:6: 1823 daAuts
    D:13: 1692 daAuts
 Snake:4: 1659 daAuts
  Lair:2: 1643 daAuts
 Snake:3: 1600 daAuts
  Lair:5: 1423 daAuts
    D:10: 1421 daAuts
     D:3: 1404 daAuts
 Snake:1: 1342 daAuts
     D:9: 1327 daAuts
  Lair:4: 1191 daAuts
 Swamp:3: 1184 daAuts
